 Dungeon Sprint DCSS version 0.19-a0-1682-g5114f93 (webtiles) character file.

19348 George the Fencer (level 12, -25/122 HPs)
             Began as a Minotaur Fighter on Sept 24, 2016.
             Was the Champion of Okawaru.
             Killed from afar by a fire giant (49 damage)
             ... with a fireball
             ... in the Dungeon (Sprint VII: "The Pits").
             The game lasted 00:10:53 (3079 turns).

George the Fencer (Minotaur Fighter)                Turns: 3079, Time: 00:10:54

Health: -25/122    AC: 44    Str: 22    XL:     12   Next: 35%
Magic:  20/20      EV:  8    Int:  5    God:    Okawaru [******]
Gold:   57         SH: 14    Dex: 14    Spells: 0 memorised, 11 levels left

rFire  . . .     SeeInvis +     w - +2 scimitar (holy)
rCold  . . .     Gourm    .     y - +27 Lear's hauberk
rNeg   . . .     Faith    .     c - +0 shield
rPois  .         Spirit   .     (helmet currently unavailable)
rElec  .         Dismiss  .     s - +1 cloak
rCorr  .         Reflect  .     (gloves currently unavailable)
MR     +....     Harm     .     (boots currently unavailable)
Stlth  .......... NoTele   +    (no amulet)
                                H - ring of protection from magic
                                u - ring of see invisible

@: no status effects
A: retaliatory headbutt, horns 2
a: Heroism, Finesse, Renounce Religion


You were in the Dungeon.
You worshipped Okawaru.
Okawaru was exalted by your worship.
You were not hungry.

You visited 1 branch You collected 57 gold pieces.

Inventory:

Hand Weapons
 v - a +2 rapier of electrocution
 w - a +2 scimitar of holy wrath (weapon)
 x - the +7 longbow "Piercer" {penet, EV-2}
   (Okawaru gifted it to you in the Dungeon)

   Ammo fired by it will pass through the targets it hits, potentially hitting
   all targets in its path until it reaches maximum range.
   It affects your evasion (-2).
Missiles
 z - 34 arrows
Armour
 c - a +0 shield (worn)
 l - a +3 chain mail
 s - a +1 cloak (worn)
 y - the +27 Lear's hauberk (worn)
   (Okawaru gifted it to you in the Dungeon)
Jewellery
 t - a +3 ring of protection
 u - a ring of see invisible (left hand)
 H - a ring of protection from magic (right hand)
 I - an uncursed ring of poison resistance
Scrolls
 k - 2 scrolls of blinking
 m - 4 scrolls of remove curse
 n - 5 scrolls of amnesia
 o - a scroll of summoning
 A - 4 scrolls of enchant armour
 B - 2 scrolls of identify
 C - a scroll of fear
 D - 2 scrolls of enchant weapon
 E - a scroll of fog
 F - 2 scrolls of magic mapping
Potions
 a - 2 potions of invisibility
 b - 6 potions of cure mutation
 d - 2 potions of might
 e - 7 potions of curing
 g - 14 potions of heal wounds
 h - 3 potions of haste
 i - 4 potions of magic
 j - 4 potions of berserk rage
 G - a potion of resistance
Comestibles
 f - 9 bread rations
 p - 40 fruits
 q - 8 meat rations


   Skills:
 + Level 15.7 Fighting
 * Level 20.6 Long Blades
 + Level 15.5 Armour
 + Level 15.5 Shields
 + Level 13.0 Invocations


You had 11 spell levels left.
You didn't know any spells.

Dungeon Overview and Level Annotations

Branches:
Dungeon (1/1)

Altars:
Ashenzari
Cheibriados
Dithmenos
Elyvilon
Fedhas
Gozag
Hepliaklqana
Kikubaaqudgha
Makhleb
Nemelex Xobeh
Okawaru
Qazlal
Ru
Sif Muna
Trog
Uskayaw
Vehumet
Xom
Yredelemnul
Zin
The Shining One
Beogh
Jiyva
Lugonu


Innate Abilities, Weirdness & Mutations

You reflexively headbutt those who attack you in melee.
You have a pair of horns on your head.


Message History

Deactivating autopickup; reactivate with Ctrl-A.
You closely miss something. You headbutt something!
Something hits you but does no damage.
You completely miss something.
Put on which piece of jewellery? (? for menu, Esc to quit)
You're wearing all the rings you can.
Remove which one? (? for menu, Esc to cancel) < or
t - a +3 ring of protection > or
H - a ring of protection from magic You remove your +3 ring of protection.
You block something's attack.
Reactivating autopickup.
u - a ring of see invisible (left hand)
A shadow wraith comes into view.
You slice the shadow wraith!!
The shadow wraith convulses!!!
You destroy the shadow wraith!
Okawaru accepts your kill.
Your Invocations skill increases to level 13!
The fire giant points at you and mumbles some strange words.
The fireball explodes!
The fireball engulfs you!
You die...

########## #.........
#)........ #..# ## #).# #9#
#)†# #r# #†.# #3# #.(# #9#
#.@##s# #C.#[#############
#############..)..............
#__________##.................
#__________###########''#####
#____#####'###########''######
######)))#.##................#
#.?(.')))'.##......#..#......#
##########.##................+


You could see a fire giant.

Vanquished Creatures
  An emperor scorpion (D)
  A war gargoyle (D)
  Nessos (D)
  A minotaur (D)
  A great orb of eyes (D)
  A catoblepas (D)
  2 sun demons (D)
  A shadow wraith (D)
  4 flayed ghosts (D)
  An unseen horror (D)
  A hill giant (D)
  2 phantasmal warriors (D)
  2 slime creatures (D)
  A deep elf mage (D)
  A hornet (D)
  An elephant (D)
  A siren (D)
  An orange demon (D)
  A spiny frog (D)
  2 gargoyles (D)
  2 guardian serpents (D)
  A demonic crawler (D)
  A red devil (D)
  A hellwing (D)
  5 blink frogs (D)
  A hippogriff (D)
  A flying skull (D)
  2 tarantellas (D)
  4 redbacks (D)
  A ynoxinul (D)
  A fire bat (D)
  A fire elemental (D)
  A steam dragon (D)
  A warg (D)
  A soldier ant (D)
  A water moccasin (D)
  A porcupine (D)
  2 black bears (D)
  An ice beast (D)
  A wolf (D)
  A centaur (D)
  An ogre (D)
  A big kobold (D)
  A gnoll sergeant (D)
  4 killer bees (D)
  3 wights (D)
  2 crimson imps (D)
  A quasit (D)
  A hound (D)
  2 iron imps (D)
  Crazy Yiuf (D)
  A gnoll shaman (D)
  2 worker ants (D)
  7 gnolls (D)
  An ooze (D)
  An orc (D)
  A bat (D)
  A goblin (D)
  4 jackals (D)
  A quokka (D)
  2 ball pythons (D)
  A frilled lizard (D)
97 creatures vanquished.

Notes
Turn   | Place    | Note
-------+----------+-------------------------------------------
     0 | D        | George the Minotaur Fighter began the quest for the Orb.
     0 | D        | Reached XP level 1. HP: 19/19 MP: 0/0
    10 | D        | Reached skill level 3 in Long Blades
    43 | D        | Found a radiant altar of Vehumet.
    43 | D        | Found a hide-covered altar of Uskayaw.
    43 | D        | Found an ancient bone altar of Kikubaaqudgha.
    43 | D        | Found a viscous altar of Jiyva.
    43 | D        | Found a hazy altar of Hepliaklqana.
    44 | D        | Found a bloodstained altar of Trog.
    44 | D        | Found a deep blue altar of Sif Muna.
    44 | D        | Found a sacrificial altar of Ru.
    44 | D        | Found a stormy altar of Qazlal.
    44 | D        | Found an iron altar of Okawaru.
    44 | D        | Found a sparkling altar of Nemelex Xobeh.
    44 | D        | Found an opulent altar of Gozag.
    44 | D        | Found a blossoming altar of Fedhas.
    44 | D        | Found a white marble altar of Elyvilon.
    44 | D        | Found a shadowy altar of Dithmenos.
    44 | D        | Found a snail-covered altar of Cheibriados.
    45 | D        | Found a glowing golden altar of the Shining One.
    45 | D        | Found a glowing silver altar of Zin.
    46 | D        | Found a burning altar of Makhleb.
    46 | D        | Found a basalt altar of Yredelemnul.
    46 | D        | Found a roughly hewn altar of Beogh.
    47 | D        | Found a corrupted altar of Lugonu.
    47 | D        | Found a shimmering altar of Xom.
    47 | D        | Found a shattered altar of Ashenzari.
    52 | D        | Became a worshipper of Warmaster Okawaru
    83 | D        | Reached skill level 4 in Long Blades
    83 | D        | Reached XP level 2. HP: 27/27 MP: 1/1
    94 | D        | Noticed a crimson imp
   100 | D        | Reached skill level 1 in Invocations
   103 | D        | Reached skill level 5 in Long Blades
   103 | D        | Reached XP level 3. HP: 31/35 MP: 1/3
   107 | D        | Reached skill level 5 in Fighting
   107 | D        | Reached skill level 6 in Long Blades
   107 | D        | Reached skill level 5 in Armour
   107 | D        | Reached skill level 5 in Shields
   107 | D        | Reached XP level 4. HP: 38/42 MP: 1/4
   205 | D        | Reached * piety under Okawaru
   205 | D        | Reached skill level 7 in Long Blades
   206 | D        | Reached XP level 5. HP: 44/50 MP: 4/6
   244 | D        | Noticed an ogre
   244 | D        | Noticed a water moccasin
   245 | D        | Noticed a flying skull
   271 | D        | Killed a water moccasin
   271 | D        | Reached skill level 9 in Long Blades
   274 | D        | Reached XP level 6. HP: 34/60 MP: 4/8
   277 | D        | Reached ** piety under Okawaru
   277 | D        | Reached skill level 5 in Invocations
   280 | D        | Reached skill level 10 in Long Blades
   284 | D        | Killed a flying skull
   284 | D        | Reached skill level 11 in Long Blades
   284 | D        | Reached XP level 7. HP: 39/69 MP: 5/10
   347 | D        | Reached *** piety under Okawaru
   454 | D        | Noticed Crazy Yiuf
   457 | D        | Killed Crazy Yiuf
   467 | D        | Noticed a hornet
   473 | D        | Paralysed by a hornet for 2 turns
   486 | D        | Killed a hornet
   486 | D        | Reached skill level 12 in Long Blades
   486 | D        | Reached XP level 8. HP: 8/78 MP: 8/12
   769 | D        | Noticed a hippogriff
   769 | D        | Noticed a flayed ghost
   784 | D        | Killed a flayed ghost
   784 | D        | Reached **** piety under Okawaru
   784 | D        | Reached skill level 10 in Fighting
   784 | D        | Reached skill level 13 in Long Blades
   784 | D        | Reached skill level 10 in Armour
   784 | D        | Reached skill level 10 in Shields
   793 | D        | Killed a hippogriff
   967 | D        | Noticed a deep elf mage
   970 | D        | Killed a deep elf mage
   970 | D        | Reached ***** piety under Okawaru
   970 | D        | Reached skill level 14 in Long Blades
   970 | D        | Reached XP level 9. HP: 86/86 MP: 14/14
  1070 | D        | Noticed a spiny frog
  1087 | D        | Killed a spiny frog
  1526 | D        | Noticed a gargoyle
  1526 | D        | Noticed an orange demon
  1530 | D        | Killed a gargoyle
  1530 | D        | Reached skill level 15 in Long Blades
  1538 | D        | Killed an orange demon
  1555 | D        | Noticed a phantasmal warrior
  1555 | D        | Noticed a guardian serpent
  1564 | D        | Killed a guardian serpent
  1566 | D        | Reached XP level 10. HP: 58/97 MP: 16/16
  1568 | D        | Killed a phantasmal warrior
  1764 | D        | Noticed a flayed ghost
  1774 | D        | Killed a flayed ghost
  1774 | D        | Received a gift from Okawaru
  1774 | D        | Reached skill level 16 in Long Blades
  1774 | D        | Reached skill level 10 in Invocations
  1787 | D        | Noticed a catoblepas
  1792 | D        | Killed a catoblepas
  2016 | D        | Noticed an elephant
  2028 | D        | Killed an elephant
  2033 | D        | Reached skill level 17 in Long Blades
  2353 | D        | Noticed a siren
  2353 | D        | Noticed a great orb of eyes
  2354 | D        | Noticed a sun demon
  2366 | D        | Killed a sun demon
  2366 | D        | Received a gift from Okawaru
  2370 | D        | Killed a siren
  2370 | D        | Reached XP level 11. HP: 62/107 MP: 10/18
  2377 | D        | Killed a great orb of eyes
  2378 | D        | Noticed a flayed ghost
  2384 | D        | Killed a flayed ghost
  2384 | D        | Reached skill level 18 in Long Blades
  2573 | D        | Noticed an emperor scorpion
  2573 | D        | Noticed a hill giant
  2577 | D        | Noticed a phantasmal warrior
  2586 | D        | Killed an unseen horror
  2608 | D        | Killed a phantasmal warrior
  2630 | D        | Killed an emperor scorpion
  2645 | D        | Killed a hill giant
  2654 | D        | Reached skill level 19 in Long Blades
  2656 | D        | Reached ****** piety under Okawaru
  2936 | D        | Noticed a war gargoyle
  2940 | D        | Noticed a sun demon
  2943 | D        | Received a gift from Okawaru
  2958 | D        | Noticed Nessos
  2992 | D        | Killed Nessos
  2997 | D        | Killed a war gargoyle
  2997 | D        | Reached skill level 15 in Fighting
  2999 | D        | Reached XP level 12. HP: 74/119 MP: 14/20
  3002 | D        | Reached skill level 15 in Shields
  3003 | D        | Reached skill level 15 in Armour
  3005 | D        | Reached skill level 20 in Long Blades
  3052 | D        | Noticed a minotaur
  3066 | D        | Killed a minotaur
  3075 | D        | Noticed a fire giant
  3079 | D        | Killed from afar by a fire giant

Vault maps used:
D:        pitsprint

Skill      XL: |  1  2  3  4  5  6  7  8  9 10 11 12 |
---------------+-------------------------------------+-----
Long Blades    | 4 5 6 7 9 11 12 14 15 17 19 20 | 20.6
Fighting       | 4 5 6 7 8 9 10 11 13 15 | 15.7
Shields        | 4 5 7 8 9 10 11 13 14 15 | 15.5
Armour         | 4 5 6 7 8 9 10 11 13 14 15 | 15.5
Invocations    | 2 3 4 6 7 8 9 10 12 13 | 13.0

Action                   |  1- 3 |  4- 6 |  7- 9 | 10-12 || total
-------------------------+-------+-------+-------+-------++-------
Melee: Falchion          |    31 |       |       |       ||    31
       Headbutt          |     8 |     6 |    19 |    75 ||   108
       Long sword        |     1 |    31 |    43 |       ||    75
       Scimitar          |       |       |    57 |   284 ||   341
Invok: Heroism           |       |     1 |     3 |     4 ||     8
       Finesse           |       |       |       |     3 ||     3
  Use: Potion            |       |       |     2 |     1 ||     3
  Eat: Chunk             |       |       |     2 |     5 ||     7
Armor: Scale mail        |    15 |       |       |       ||    15
       Chain mail        |       |    13 |    54 |   137 ||   204
Dodge: Dodged            |    13 |     4 |    25 |    52 ||    94
Block: Shield            |    12 |     9 |    59 |   166 ||   246
